 Dungeon Crawl Stone Soup version 0.22-a0-605-g9281fa2 (webtiles) character file.

41517 sking99 the Severer (level 13, -1/117 HPs)
             Began as a Deep Dwarf Fighter on July 8, 2018.
             Was a High Priest of Makhleb.
             Killed from afar by a catoblepas (3 damage)
             ... with a blast of calcifying dust
             ... on level 5 of the Lair of Beasts.
             The game lasted 00:31:06 (12866 turns).

sking99 the Severer (Deep Dwarf Fighter)           Turns: 12866, Time: 00:31:07

Health: -1/117     AC: 20    Str: 21    XL:     13   Next: 80%
Magic:  0/4        EV: 12    Int:  9    God:    Makhleb [*****.]
Gold:   967        SH:  0    Dex: 16    Spells: 12/12 levels left

rFire    + . .     SeeInvis .   a - +3 battleaxe (antimagic)
rCold    . . .     Gourm    .   (shield currently unavailable)
rNeg     . . .     Faith    .   l - +0 plate armour (curse)
rPois    .         Spirit   +   N - +0 helmet
rElec    .         Reflect  .   o - +1 cloak
rCorr    .         Harm     .   I - +0 pair of gloves
MR       ++...                  (no boots)
Stlth    ..........             i - amulet of guardian spirit
HPRegen  0.00/turn              e - ring of protection from fire
MPRegen  0.09/turn              E - ring of protection from magic

@: non-regenerating
A: damage resistance, heal wounds, sense surroundings 2, no regeneration
a: Heal Wounds, Minor Destruction, Lesser Servant of Makhleb, Major Destruction,
Greater Servant of Makhleb, Renounce Religion


You were on level 5 of the Lair of Beasts.
You worshipped Makhleb.
Makhleb was extremely pleased with you.
You were hungry.

You visited 4 branches of the dungeon, and saw 17 of its levels.
You also visited: Ossuary.

You collected 967 gold pieces.

Inventory:

Hand Weapons
 a - a +3 antimagic battleaxe (weapon)
 b - a +0 falchion of flaming
Missiles
 v - 2 throwing nets (quivered)
Armour
 c - a +0 shield
 l - a cursed +0 plate armour (worn)
 o - a +1 cloak (worn)
 I - a +0 pair of gloves (worn)
 N - a +0 helmet (worn)
Jewellery
 e - a ring of protection from fire (left hand)
 i - an amulet of guardian spirit (around neck)
 E - a ring of protection from magic (right hand)
 P - an uncursed ring of protection from cold {unknown}
 Q - an uncursed ring of flight
 R - a +3 ring of strength {unknown}
 V - an uncursed ring of magical power
Wands
 n - a wand of scattershot (5)
 s - a wand of random effects (56)
 x - a wand of polymorph (36)
 H - a wand of acid (18)
 J - a wand of clouds (4)
 M - a wand of paralysis (15)
Scrolls
 g - 5 scrolls of teleportation
 t - 3 scrolls of enchant armour
 w - 8 scrolls of remove curse
 y - 5 scrolls of amnesia
 F - a scroll of fear
 G - a scroll of blinking
 O - 9 scrolls of identify
 T - a scroll of vulnerability {unknown}
 U - a scroll of summoning {unknown}
Potions
 d - 3 potions of might
 h - 3 potions of ambrosia
 j - 3 potions of agility
 k - 3 potions of mutation
 m - 8 potions of curing
 p - 2 potions of berserk rage
 q - 7 potions of heal wounds
 r - 2 potions of cancellation
 u - 2 potions of invisibility
 z - a potion of lignification
 A - 2 potions of magic
 B - 2 potions of brilliance
 C - 3 potions of flight
 D - 4 potions of degeneration
 L - 2 potions of haste
Comestibles
 f - 34 rations
 K - 6 chunks of flesh


   Skills:
 - Level 8.0 Fighting
 + Level 16.3 Axes
 + Level 11.2 Armour
 - Level 10.0 Dodging
 - Level 3.2 Shields
 - Level 10.0 Invocations


You had 12 spell levels left.
You didn't know any spells.
Your spell library contained the following spells:

 Spells                   Type           Power        Failure   Level  Hunger
 Magic Dart               Conj           #...         99%         1    ##.....
 Lightning Bolt           Conj/Air       #.........   100%        5    ######.
 Confuse                  Hex            #.......     100%        3    ####...
 Iskenderun's Mystic Bla  Conj           #.......     100%        4    #####..
 Ozocubu's Armour         Chrm/Ice       #.......     100%        3    ####...
 Regeneration             Chrm/Necr      #.........   100%        3    ####...
 Shock                    Conj/Air       #...         99%         1    ##.....
 Swiftness                Chrm/Air       #.......     100%        2    ###....
 Spider Form              Tmut/Pois      #.........   100%        3    ####...
 Blade Hands              Tmut           #.........   100%        5    ######.
 Ice Form                 Ice/Tmut       #.......     100%        4    #####..
 Airstrike                Air            #.........   100%        4    #####..
 Confusing Touch          Hex            #.....       99%         1    ##.....
 Passwall                 Tmut/Erth      #.......     100%        2    ###....
 Sticks to Snakes         Tmut           #.......     100%        2    ###....
 Metabolic Englaciation   Hex/Ice        #.........   100%        5    ######.
 Static Discharge         Conj/Air       #.......     100%        3    ####...
 Sandblast                Erth           #.....       99%         1    ##.....
 Petrify                  Tmut/Erth      #.......     100%        4    #####..
 Beastly Appendage        Tmut           #.....       99%         1    ##.....
 Fulminant Prism          Conj/Hex       #.........   100%        4    #####..
 Dazzling Spray           Conj/Hex       #.....       100%        3    ####...
 Force Lance              Conj/Tloc      #.......     100%        4    #####..
 Song of Slaying          Chrm           #.......     100%        2    ###....
 Searing Ray              Conj           #.....       100%        2    ###....
 Gell's Gravitas          Tloc           #.........   100%        3    ####...
 Yara's Violent Unravell  Hex/Tmut       #.........   100%        5    ######.
 Borgnjor's Vile Clutch   Necr/Erth      #.........   100%        5    ######.


Dungeon Overview and Level Annotations

Branches:
Dungeon (10/15)            Temple (1/1) D:5            Lair (5/6) D:8
  Swamp (0/4) Lair:2       Spider (0/4) Lair:3        Slime (0/5) Lair:5
    Orc (1/2) D:9

Altars:
Ashenzari
Cheibriados
Dithmenos
Elyvilon
Fedhas
Gozag
Hepliaklqana
Kikubaaqudgha
Makhleb
Nemelex Xobeh
Okawaru
Qazlal
Ru
Sif Muna
Trog
Uskayaw
Vehumet
Wu Jian
Xom
Yredelemnul
Zin
The Shining One
Beogh
Jiyva

Shops:
D:10 }!

Annotations:
Lair:4 3 runed doors, sking99's ghost, journeyman TrMo


Innate Abilities, Weirdness & Mutations

You are resistant to damage.
You can heal yourself by infusing magical energy.
You passively map the area around you.
You do not regenerate.


Message History

You hit the catoblepas but do no damage.
The catoblepas is almost dead.
The catoblepas gores you!
* * * LOW HITPOINT WARNING * * *
You slash the catoblepas!
The catoblepas is almost dead.
The catoblepas misses you.
You hit the catoblepas.
The catoblepas is almost dead.
The catoblepas gores you but does no damage.
You hit the catoblepas.
The catoblepas is almost dead.
The catoblepas breathes a plume of calcifying dust at you.
The blast of calcifying dust hits you! The catoblepas gores you!!
* * * LOW HITPOINT WARNING * * *
You are feeling hungry.
The catoblepas breathes a plume of calcifying dust at you.
The blast of calcifying dust hits you!
You die...

..#.#*#...###......#.###.#.. ,
......*#######......##..#....
,
.......##.?#.#........#......#
..............................
,...........................
........................... ,
........................... ,,
........................... ,
...§§§§§§Y@........#####.#. ,
........#..##....PP#......# *
...####.###.........>....#. ,
,,, ,.##.##.####.............#
, ...PP.....###.....#.......#
,...........##....#.P......# ,
...####.#.##........÷.....# ,
...P#.#...#,...............
,,,
...P...+..##...............


You could see a catoblepas.

Vanquished Creatures
  4 hydras
  A catoblepas (Lair:5)
  2 two-headed ogres
  A manticore (Lair:5)
  4 elephants (Lair:5)
  A black mamba (Lair:2)
  A gargoyle (D:10)
  4 spiny frogs
  2 rime drakes (Lair:4)
  2 komodo dragons
  A polar bear (Lair:5)
  A bog body (Lair:2)
  2 hornets
  4 dream sheep (Lair:5)
  8 blink frogs
  4 hippogriffs
  Sigmund (D:3)
  Eustachio (D:4)
  5 wyverns
  A basilisk (Lair:1)
  A human (D:8)
  17 yaks
  4 hogs (D:8)
  A steam dragon (Lair:4)
  3 hungry ghosts
  4 swamp worms (Lair:2)
  10 water moccasins
  2 hell hounds (D:8)
  12 porcupines
  2 ice beasts
  A swamp drake (Lair:4)
  4 orc warriors
  A black bear (D:7)
  5 phantoms
  2 ogres
  20 wolves (Lair:2)
  5 centaurs
  10 crocodiles
  10 bullfrogs
  4 scorpions
  5 wights (D:7)
  9 killer bees
  2 howler monkeys
  An electric eel (Lair:2)
  7 crimson imps
  A quasit (D:10)
  11 bullfrog zombies
  A jelly (D:9)
  A centaur skeleton (D:8)
  2 centaur zombies (Ossuary)
  6 orc priests
  Crazy Yiuf (D:2)
  6 hounds
  9 orc wizards
  Natasha (thrice) (D:3)
  2 bullfrog skeletons
  An iguana (D:8)
  14 mummies (Ossuary)
  Ijyb (D:3)
  10 worker ants
  A hound zombie (Ossuary)
  2 hound skeletons
  2 howler monkey zombies
  2 worker ant zombies
  6 gnolls
  A howler monkey skeleton (D:4)
  16 adders
  4 shadow imps
  An ooze (D:3)
  2 adder zombies
  3 adder skeletons
  3 worms
  3 dart slugs (D:2)
  3 leopard geckos
  37 orcs
  A ball python (D:6)
  11 giant cockroaches
  12 goblins
  9 hobgoblins
  23 jackals
  7 kobolds
  8 quokkas
  15 bats
  4 frilled lizards
  3 giant cockroach zombies (Ossuary)
  2 jackal zombies (Ossuary)
  2 leopard gecko skeletons
  3 leopard gecko zombies (Ossuary)
  12 rats
  3 fungi
462 creatures vanquished.

Vanquished Creatures (collateral kills)
  A worker ant (Lair:3)
1 creature vanquished.

Vanquished Creatures (others)
  A quokka (D:5)
  2 fungi
  5 plants (Lair:4)
  A withered plant (Ossuary)
9 creatures vanquished.

Grand Total: 472 creatures vanquished

Notes
Turn   | Place    | Note
-------+----------+-------------------------------------------
     0 | D:1      | sking99 the Deep Dwarf Fighter began the quest for the Orb.
     0 | D:1      | Reached XP level 1. HP: 20/20 MP: 1/1
    71 | D:1      | Reached XP level 2. HP: 25/27 MP: 2/2
   243 | D:1      | Reached skill level 3 in Axes
   934 | D:2      | Reached XP level 3. HP: 21/34 MP: 3/3
  1249 | D:2      | Reached skill level 4 in Axes
  1258 | D:2      | Reached XP level 4. HP: 26/42 MP: 4/4
  1634 | D:2      | Found a blossoming altar of Fedhas.
  1661 | D:2      | Found a runed door.
  1851 | D:2      | Noticed Crazy Yiuf
  1862 | D:2      | Killed Crazy Yiuf
  2177 | D:3      | Reached XP level 5. HP: 25/50 MP: 5/5
  2198 | D:3      | Reached skill level 5 in Axes
  2266 | D:3      | Noticed Ijyb
  2285 | D:3      | Killed Ijyb
  2492 | D:3      | Found a glowing golden altar of the Shining One.
  2529 | D:3      | Noticed Natasha
  2539 | D:3      | Killed Natasha
  2539 | D:3      | Reached XP level 6. HP: 31/57 MP: 6/6
  2556 | D:3      | Noticed Natasha
  2563 | D:3      | Killed Natasha
  2563 | D:3      | Reached skill level 6 in Axes
  2595 | D:3      | Noticed Sigmund
  2619 | D:3      | Killed Sigmund
  2742 | D:3      | Noticed Natasha
  2834 | D:3      | Killed Natasha
  3028 | D:4      | Reached skill level 7 in Axes
  3028 | D:4      | Reached XP level 7. HP: 52/66 MP: 6/6
  3063 | D:4      | Identified the Catalogue of Boosting Clay
  3397 | D:4      | Reached skill level 5 in Fighting
  3646 | D:4      | Reached skill level 8 in Axes
  3677 | D:4      | Noticed Eustachio
  3684 | D:4      | Killed Eustachio
  3833 | D:4      | Reached XP level 8. HP: 46/75 MP: 7/7
  3912 | D:5      | Entered Level 5 of the Dungeon
  4025 | D:5      | Reached skill level 9 in Axes
  4029 | D:5      | Got a transparent hand axe
  4030 | D:5      | Identified the +9 hand axe "Coetitt" {chop, rPois} (You found it on level 5 of the Dungeon)
  4061 | D:5      | Found a white marble altar of Elyvilon.
  4095 | D:5      | Found a sand-covered staircase.
  4131 | Ossuary  | Entered an ossuary
  4216 | Ossuary  | Reached skill level 10 in Axes
  4590 | D:5      | Gained mutation: You passively map the area around you. [Deep Dwarf growth]
  4590 | D:5      | Reached XP level 9. HP: 52/85 MP: 6/6
  4892 | D:5      | Found a staircase to the Ecumenical Temple.
  5025 | D:6      | Found a shadowy altar of Dithmenos.
  5335 | D:6      | Reached skill level 11 in Axes
  5468 | Temple   | Entered the Ecumenical Temple
  5676 | Temple   | Became a worshipper of Makhleb the Destroyer
  5983 | D:7      | Reached skill level 12 in Axes
  6177 | D:7      | Reached * piety under Makhleb
  6183 | D:7      | Reached XP level 10. HP: 44/96 MP: 7/7
  6492 | D:8      | Reached skill level 13 in Axes
  6600 | D:8      | Identified a scroll of acquirement
  6622 | D:8      | Noticed a two-headed ogre
  6650 | D:8      | Killed a two-headed ogre
  6650 | D:8      | Reached skill level 5 in Armour
  6738 | D:8      | Reached ** piety under Makhleb
  6933 | D:8      | Found a staircase to the Lair.
  6943 | D:8      | Reached skill level 14 in Axes
  7668 | D:9      | Found a staircase to the Orcish Mines.
  7672 | D:9      | Found a roughly hewn altar of Beogh.
  8262 | Orc:1    | Entered Level 1 of the Orcish Mines
  8281 | D:10     | Entered Level 10 of the Dungeon
  8341 | D:10     | Reached XP level 11. HP: 94/103 MP: 7/7
  8403 | D:10     | Found Usyb's Distillery.
  8439 | D:10     | Reached skill level 1 in Invocations
  8464 | D:10     | Noticed a two-headed ogre
  8469 | D:10     | Reached skill level 1 in Dodging
  8476 | D:10     | Killed a two-headed ogre
  8630 | D:10     | Reached *** piety under Makhleb
  8745 | D:10     | Found Siopuxto's Gadget Shop.
  9004 | Lair:1   | Entered Level 1 of the Lair of Beasts
  9631 | Lair:2   | Reached skill level 5 in Invocations
  9708 | Lair:2   | Reached skill level 5 in Dodging
  9753 | Lair:2   | Noticed a five-headed hydra
  9766 | Lair:2   | Killed a one-headed hydra
  9915 | Lair:2   | Reached **** piety under Makhleb
 10189 | Lair:2   | Reached XP level 12. HP: 110/110 MP: 13/13
 10289 | Lair:2   | Noticed a seven-headed hydra
 10304 | Lair:2   | Killed a one-headed hydra
 10426 | Lair:2   | Found a staircase to the Swamp.
 10786 | Lair:3   | Found a hole to the Spider Nest.
 11107 | Lair:3   | Reached skill level 15 in Axes
 11107 | Lair:3   | Reached XP level 13. HP: 81/117 MP: 15/15
 11366 | Lair:4   | Reached skill level 10 in Armour
 12090 | Lair:4   | Found a runed gate.
 12090 | Lair:4   | Found a runed gate.
 12090 | Lair:4   | Found a runed gate.
 12094 | Lair:4   | Noticed sking99's ghost (journeyman TrMo)
 12436 | Lair:5   | Reached skill level 10 in Dodging
 12567 | Lair:5   | Reached skill level 16 in Axes
 12588 | Lair:5   | Reached skill level 10 in Invocations
 12592 | Lair:5   | Reached ***** piety under Makhleb
 12690 | Lair:5   | Found a viscous altar of Jiyva.
 12691 | Lair:5   | Found a staircase to the Slime Pits.
 12865 | Lair:5   | HP: 2/117 [catoblepas (24)]
 12866 | Lair:5   | Killed from afar by a catoblepas

Vault maps used:
D:1:      minmay_arrival_five_plusses
D:2:      minmay_diamond_boxcup, minmay_misc_feat_iff, fedhas_altar_1,
          uniq_crazy_yiuf_cottage
D:3:      nicolae_tso_swordbearing_angel, uniq_ijyb, uniq_natasha, uniq_sigmund
D:4:      uniq_eustachio
D:5:      elyvilon_altar_4, minmay_temple_entry_from_below_a,
          nicolae_ossuary_entry_ruins, first_ration
D:6:      skrybe_limestone_x, grunt_dithmenos_smoke
D:8:      minmay_lair_entry_lava, grunt_livestock
D:9:      minmay_orc_entry_temple_small
D:10:     serial_shops, shop, shop_statue
Temple:   kilobyte_greek_temple
Lair:1:   hangedman_lair_unloving_vines, st_stairs_7, serial_bayou_crossing
Lair:2:   nicolae_swamp_entry_splash_gauntlet, grunt_forest_large_clearings
Lair:3:   nicolae_spider_entry_non_spiders
Lair:4:   gammafunk_ghost_hydra_chop, guppyfry_lair_drakes, lemuel_fruit_fields
Lair:5:   nzn_motion_control, slime_altar_1
Orc:1:    basic_altar
Ossuary:  ossuary_zaba_flooded

Skill      XL: |  1  2  3  4  5  6  7  8  9 10 11 12 13 |
---------------+----------------------------------------+-----
Axes           | 3 4 5 7 8 10 12 14 15 16 | 16.3
Fighting       | 3 4 5 6 8 |  8.0
Armour         | 6 9 11 | 11.2
Invocations    | 7 8 10 | 10.0
Dodging        | 6 9 10 | 10.0
Shields        | |  3.2

Action                   |  1- 3 |  4- 6 |  7- 9 | 10-12 | 13-15 || total
-------------------------+-------+-------+-------+-------+-------++-------
Melee: War axe           |   157 |   209 |   260 |       |       ||   626
       Unarmed           |       |     2 |       |       |       ||     2
       Hand axe          |       |       |   205 |   547 |     5 ||   757
       Falchion          |       |       |       |    19 |    23 ||    42
       Battleaxe         |       |       |       |       |   204 ||   204
Invok: Minor Destruction |       |       |       |     4 |       ||     4
       Lesser Servant of |       |       |       |     1 |     1 ||     2
 Abil: Heal Wounds       |     1 |     6 |     9 |     6 |     2 ||    24
Evoke: Wand              |       |       |     1 |       |       ||     1
  Use: Scroll            |       |       |    20 |    11 |     2 ||    33
       Potion            |       |       |       |     1 |     1 ||     2
 Stab: Confused          |       |       |       |       |     1 ||     1
  Eat: Chunk             |     1 |     6 |    12 |    20 |     2 ||    41
       Ration            |       |       |       |       |     1 ||     1
Armor: Scale mail        |    77 |    92 |    76 |       |       ||   245
       Skin              |       |     1 |       |       |       ||     1
       Plate armour      |       |       |    96 |   231 |   139 ||   466
Dodge: Dodged            |    55 |    55 |    74 |    72 |   159 ||   415
Block: Shield            |    74 |    90 |   162 |   198 |     2 ||   526
       Rpst.: Falchion   |       |       |       |     2 |     5 ||     7

Table legend:
 A = Spawn XP
 B = Non-spawn XP
 C = Spawn XP percentage of total XP
 D = Spawn monster count
 E = Non-spawn monster count
 F = Spawn count percentage of total count
 G = Total turns spent on level
                    A         B        C        D         E        F      G
               +---------+---------+-------+---------+---------+-------+---------
         Total |       0 |   41070 |   0.0 |       0 |     460 |   0.0 | 12866
               +---------+---------+-------+---------+---------+-------+---------
           D:1 |       0 |      36 |   0.0 |       0 |      22 |   0.0 |   879
           D:2 |       0 |     152 |   0.0 |       0 |      45 |   0.0 |  1289
           D:3 |       0 |     514 |   0.0 |       0 |      37 |   0.0 |   963
           D:4 |       0 |     726 |   0.0 |       0 |      25 |   0.0 |   781
           D:5 |       0 |     504 |   0.0 |       0 |      22 |   0.0 |   773
           D:6 |       0 |     854 |   0.0 |       0 |      36 |   0.0 |   693
           D:7 |       0 |    1770 |   0.0 |       0 |      25 |   0.0 |   477
           D:8 |       0 |    3614 |   0.0 |       0 |      41 |   0.0 |   834
           D:9 |       0 |    1401 |   0.0 |       0 |      21 |   0.0 |  1115
          D:10 |       0 |    2741 |   0.0 |       0 |      21 |   0.0 |   627
        Lair:1 |       0 |    1404 |   0.0 |       0 |       8 |   0.0 |   568
        Lair:2 |       0 |    9476 |   0.0 |       0 |      48 |   0.0 |  1123
        Lair:3 |       0 |    1290 |   0.0 |       0 |      13 |   0.0 |   664
        Lair:4 |       0 |    5394 |   0.0 |       0 |      21 |   0.0 |  1047
        Lair:5 |       0 |   10185 |   0.0 |       0 |      37 |   0.0 |   460
       Ossuary |       0 |    1009 |   0.0 |       0 |      38 |   0.0 |   324
               +---------+---------+-------+---------+---------+-------+---------
